 Dungeon Crawl Stone Soup version 0.30-a0-297-g0ec75d9ef4 (webtiles) character file.

Game seed: 15254845360266495054

84 Raultor the Trooper (level 4, 0/35 HPs)
             Began as a Demonspawn Gladiator on Oct 18, 2022.
             Slain by an iguana (7 damage)
             ... on level 3 of the Dungeon.
             The game lasted 00:05:10 (2076 turns).

Raultor the Trooper (Demonspawn Gladiator)          Turns: 2076, Time: 00:05:11

Health: 0/35       AC:  6    Str: 17    XL:     4   Next: 24%
Magic:  4/4        EV: 11    Int:  9    God:
Gold:   103        SH:  0    Dex: 14    Spells: 3/3 levels left

rFire   . . .      SeeInvis .    k - +0 short sword (speed)
rCold   . . .      Faith    .    (no shield)
rNeg    . . .      Spirit   .    q - +0 ring mail
rPois   .          Reflect  .    c - +0 helmet
rElec   .          Harm     .    (no cloak)
rCorr   .          Rampage  .    (no gloves)
Will    .....                    (no boots)
Stlth   +.........               (no amulet)
HPRegen 0.25/turn                (no ring)
MPRegen 0.09/turn                (no ring)

@: no status effects
A: demonic guardian 1, demonic magic 1, weakness stinger 1
a: no special abilities


You were on level 3 of the Dungeon.
You visited 1 branch of the dungeon, and saw 3 of its levels.

You collected 103 gold pieces.


Innate Abilities, Weirdness & Mutations

A weak demonic guardian rushes to your aid.
Spells you cast may paralyse adjacent enemies.
You have a small tail.


   Skills:
 + Level 3.2 Fighting
 - Level 2.6 Long Blades
 - Level 1.7 Throwing
 - Level 2.6 Dodging
 * Level 2.6 Unarmed Combat


You had 3 spell levels left.
You didn't know any spells.
Your spell library was empty.

Inventory:

Hand Weapons
 a - a +0 long sword
 k - a +0 short sword of speed (weapon)
Missiles
 d - 3 throwing nets (quivered) {=f}
 e - a javelin
Armour
 b - a +0 leather armour
 c - a +0 helmet (worn)
 q - a +0 ring mail (worn)
 u - a +0 buckler
Scrolls
 i - a scroll of teleportation {unknown}
 j - a scroll of brand weapon {unknown}
 m - a scroll of poison {unknown}
 n - 2 scrolls of blinking {unknown}
 o - 4 scrolls of identify {unknown}
 r - 3 scrolls of enchant weapon {unknown}
 s - a scroll of magic mapping {unknown}
 t - a scroll of immolation {unknown}
Potions
 f - a potion of curing {unknown}
 g - a potion of cancellation {unknown}
 h - 2 potions of heal wounds {unknown}
 l - a potion of might {unknown}
 p - a potion of flight {unknown}

Dungeon Overview and Level Annotations

Branches:
Dungeon (3/15)

Altars:

Annotations:
D:3 3 runed translucent doors, qtw55's ghost, novice GrEE

....▒.. .....▒..#
#..▒.$.....+..# .
#..▒.?.....+..# ..
#..▒......J+..# ...
#..▒.....oW▒..# g...
#..▒.....oh▒..## l....
#..▒▒▒▒▒▒▒▒▒..5###g.....
#.............5@llg.....
#.............##########
###.#.##.#.####
#.)..##...#######
#.#######........ ###.#
######### ....# ##.##
#.#


You could see 2 iguanas, a hound, qtw55's ghost, 2 gnolls, 2 orcs, an endoplasm,
a friendly shadow imp (summoned) and a friendly ufetubus (summoned).


Message History

The gnoll hits you from afar with a +0 spear.
* * * LOW HITPOINT WARNING * * *
Your shadow imp hits the gnoll.
The gnoll hits you with a +0 spear.
* * * LOW HITPOINT WARNING * * *
You see here a +0 club.
You barely miss the gnoll.
The gnoll is lightly wounded.
The gnoll closely misses you.
You barely miss the gnoll.
The gnoll is lightly wounded.
You hit the gnoll.
Your tail-slap misses the gnoll.
The gnoll is moderately wounded.
The gnoll hits you with a +0 spear.
* * * LOW HITPOINT WARNING * * *
You completely miss the gnoll.
You tail-slap the gnoll, but do no damage.
The gnoll is moderately wounded.
You hit the gnoll. You tail-slap the gnoll!
You kill the gnoll!
You hit the iguana but do no damage. Your punch misses the iguana.
The iguana bites you!
* * * LOW HITPOINT WARNING * * *
A demonic guardian appears!
You hit the iguana. You tail-slap the iguana.
The iguana is moderately wounded.
You hit the iguana but do no damage.
The iguana is moderately wounded.
The iguana bites you!
You die...

Skill      XL: |  1  2  3 |
---------------+----------+-----
Unarmed Combat | 1 2 |  2.6
Fighting       | 3 |  3.2
Long Blades    | |  2.6
Throwing       | |  1.7
Dodging        | |  2.6

Action                   |  1- 3 |  4- 6 || total
-------------------------+-------+-------++-------
Melee: Long sword        |    12 |       ||    12
       Short sword       |   149 |     8 ||   157
       Tailslap          |    26 |     3 ||    29
       Punch             |     2 |       ||     2
       Unarmed           |     1 |       ||     1
 Stab: Distracted        |     1 |       ||     1
Armor: Leather armour    |    33 |       ||    33
       Ring mail         |    23 |       ||    23
Dodge: Dodged            |    70 |     1 ||    71

Levels and vault maps discovered:
D:1:      dpeg_arrival_connections, layout_basic,
          shapermc_ecumenical_altar_acropolis
D:2:      layout_basic
D:3:      layout_basic, mainiacjoe_overflow_cross_hatched, gammafunk_ghost_split

Notes
Turn   | Place    | Note
-------+----------+-------------------------------------------
     0 | D:1      | Raultor the Demonspawn Gladiator began the quest for the
                  | Orb.
     0 | D:1      | Reached XP level 1. HP: 16/16 MP: 1/1
   141 | D:1      | You feel monstrous as your demonic heritage exerts itself.
   141 | D:1      | Discovered your monstrous ancestry.
   141 | D:1      | Gained mutation: You have a small tail. [demonic ancestry]
   141 | D:1      | Reached XP level 2. HP: 20/23 MP: 2/2
   399 | D:1      | Reached skill level 1 in Unarmed Combat
   769 | D:1      | Gained mutation: A weak demonic guardian rushes to your
                  | aid. [demonic ancestry]
   769 | D:1      | Reached XP level 3. HP: 28/28 MP: 3/3
   844 | D:1      | You fall into a shaft and drop 1 floor!
   983 | D:1      | Found a faded altar of an unknown god.
  1450 | D:2      | Reached skill level 3 in Fighting
  1450 | D:2      | Reached skill level 2 in Unarmed Combat
  2022 | D:3      | Noticed qtw55's ghost (novice GrEE)
  2026 | D:3      | Found a runed translucent gate.
  2026 | D:3      | Found a runed translucent gate.
  2026 | D:3      | Found a runed translucent gate.
  2067 | D:3      | Gained mutation: Spells you cast may paralyse adjacent
                  | enemies. [demonic ancestry]
  2067 | D:3      | Reached XP level 4. HP: 20/35 MP: 4/4
  2076 | D:3      | Slain by an iguana

Vanquished Creatures
  2 gnolls (D:3)
  2 adders
  A worm (D:2)
  A dart slug (D:2)
  4 bats
  3 endoplasms
  5 giant cockroaches
  2 goblins (D:1)
  3 hobgoblins (D:1)
  3 jackals (D:1)
  6 kobolds
  A quokka (D:1)
  2 ball pythons (D:1)
  4 frilled lizards
  2 rats
41 creatures vanquished.

Table legend: (Time is in decaauts)
 A = Elapsed time spent in this place.
 B = Non-inter-level travel time spent in this place.
 C = Inter-level travel time spent in this place.
 D = Time resting spent in this place.
 E = Time spent auto-exploring this place.
 F = Levels seen in this place.
 G = Mean time per level.
                   A        B        C        D        E       F      G
               +--------+--------+--------+--------+--------+-----+--------+
         Total |   2017 |   1904 |    113 |      0 |   1561 |   3 |  672.3 |
       Dungeon |   2017 |   1904 |    113 |      0 |   1561 |   3 |  672.3 |
               +--------+--------+--------+--------+--------+-----+--------+

Top non-repeatable levels by time:
     D:1: 1218 daAuts
     D:2: 743 daAuts
     D:3: 55 daAuts

Table legend:
 A = Non-vault XP
 B = Vault XP
 C = Vault XP percentage of total XP
 D = Non-vault monster count
 E = Vault monster count
 F = Vault count percentage of total count
                 A         B        C        D         E       F
            +---------+---------+-------+---------+---------+-------
      Total |     121 |       0 |   0.0 |      41 |       0 |   0.0
            +---------+---------+-------+---------+---------+-------
        D:1 |      45 |       0 |   0.0 |      26 |       0 |   0.0
        D:2 |      33 |       0 |   0.0 |      11 |       0 |   0.0
        D:3 |      43 |       0 |   0.0 |       4 |       0 |   0.0
            +---------+---------+-------+---------+---------+-------
